 Dungeon Crawl Stone Soup version 0.23.2-40-g277498a001 (webtiles) character file.

Game seed: 15330001922679899442

256 MalarOregon the Conjurer (level 5, -1/41 HPs)
             Began as a Draconian Conjurer on Sept 10, 2019.
             Slain by a worm (8 damage)
             ... on level 4 of the Dungeon.
             The game lasted 00:07:15 (4046 turns).

MalarOregon the Conjurer (Draconian Conjurer)       Turns: 4046, Time: 00:07:16

Health: -1/41      AC:  5    Str: 11    XL:     5   Next: 92%
Magic:  1/9        EV: 10    Int: 16    God:
Gold:   167        SH:  8    Dex: 11    Spells: 3/10 levels left

rFire    . . .     SeeInvis .   a - +0 dagger (speed)
rCold    + . .     Gourm    .   d - +0 shield
rNeg     + . .     Faith    .   (armour unavailable)
rPois    .         Spirit   .   (helmet restricted)
rElec    .         Reflect  .   (no cloak)
rCorr    .         Harm     .   (no gloves)
MR       .....                  (no boots)
Stlth    ++........             l - amulet of rage
HPRegen  0.13/turn              o - ring of protection from cold
MPRegen  0.11/turn              j - ring of positive energy

@: very slightly contaminated
A: unfitting armour, cold-blooded, AC +5
a: Evoke Berserk Rage


You were on level 4 of the Dungeon.
You were not hungry.

You visited 1 branch of the dungeon, and saw 4 of its levels.

You collected 167 gold pieces.

Inventory:

Hand Weapons
 a - a +0 dagger of speed (weapon)
   (You took it off a goblin on level 1 of the Dungeon)
Armour
 d - a +0 shield (worn)
   (You found it on level 1 of the Dungeon)
Jewellery
 j - a ring of positive energy (right hand)
   (You found it on level 4 of the Dungeon)
 l - an amulet of rage (around neck)
   (You found it on level 3 of the Dungeon)
 o - a ring of protection from cold (left hand)
   (You found it on level 2 of the Dungeon)
Wands
 n - a wand of polymorph (8)
   (You took it off Jessica on level 3 of the Dungeon)
 t - a wand of flame (22)
   (You found it on level 3 of the Dungeon)
Scrolls
 b - a scroll of amnesia
 c - 2 scrolls of blinking {unknown}
 g - a scroll of remove curse {unknown}
 h - 2 scrolls of enchant weapon {unknown}
 k - 2 scrolls of immolation {unknown}
 r - a scroll of fear {unknown}
Potions
 i - a potion of invisibility {unknown}
 m - 2 potions of might
 p - 2 potions of lignification {unknown}
 q - a potion of agility {unknown}
Comestibles
 e - 4 rations {!d}


   Skills:
 + Level 2.2 Fighting
 + Level 2.7 Dodging
 - Level 1.7 Stealth
 * Level 2.6 Shields
 + Level 3.2 Spellcasting
 + Level 4.9 Conjurations


You had 3 spell levels left.
You knew the following spells:

 Your Spells              Type           Power        Failure   Level  Hunger
a - Magic Dart            Conj           ###.         12%         1    None
b - Blink                 Tloc           N/A          80%         2    ##.....
x - Iskenderun's Mystic   Conj           ###.....     77%         4    ####...

Your spell library contained the following spells:

 Spells                   Type           Power        Failure   Level  Hunger
 Searing Ray              Conj           ###...       19%         2    ##.....
 Corona                   Hex            #......      67%         1    None
 Conjure Flame            Conj/Fire      ##......     69%         3    ###....
 Dazzling Spray           Conj/Hex       ##....       69%         3    ###....
 Call Imp                 Summ           #.......     80%         2    ##.....
 Ensorcelled Hibernation  Hex/Ice        #.....       80%         2    ##.....
 Slow                     Hex            #.......     80%         2    ##.....
 Mephitic Cloud           Conj/Pois/Air  #.......     80%         3    ###....
 Confuse                  Hex            #.......     95%         3    ###....
 Tukima's Dance           Hex            #.......     95%         3    ###....
 Force Lance              Conj/Tloc      ##......     97%         4    ####...
 Fulminant Prism          Conj/Hex       ##........   97%         4    ####...


Dungeon Overview and Level Annotations

Branches:
Dungeon (4/15)
 Temple: D:4-7

Altars:
Ashenzari
Sif Muna


Innate Abilities, Weirdness & Mutations

Your plain brown scales are hard. (AC +5)
You cannot fit into any form of body armour.
You are cold-blooded and may be slowed by cold attacks.


Message History

Aim: a phantom (heavily damaged)
The magic dart hits the phantom but does no damage.
You block the phantom's attack.
All of the chunks of flesh in your inventory have rotted away.
Aim: a phantom (heavily damaged)
The magic dart hits the phantom.
The phantom barely misses you.
Aim: a phantom (severely damaged)
The magic dart hits the phantom.
You block the phantom's attack.
You don't have enough magic to cast that spell.
You hit the phantom. You block the phantom's attack.
You barely miss the phantom. You hit the phantom. The phantom hits you.
The worm bites you but does no damage.
You hit the phantom but do no damage. The phantom hits you.
You hit the phantom but do no damage. The phantom hits you!
The worm completely misses you.
You hit the phantom. The phantom hits you.
You hit the phantom. You block the worm's attack.
You closely miss the phantom.
Your tail-slap misses the phantom.
The phantom hits you!
* * * LOW HITPOINT WARNING * * *
Unknown command.
The phantom blinks!
There is an open door here.
The phantom blinks!
Aim: a worm You miscast Magic Dart.
You are very lightly contaminated with residual magic.
Nothing appears to happen.
The phantom blinks!
You hit the worm. You completely miss the worm. The worm bites you.
* * * LOW HITPOINT WARNING * * *
You hit the worm. You hit the worm. You hit the worm.
The phantom blinks!
The worm closely misses you.
You hit the worm but do no damage. You hit the worm.
You block the worm's attack.
You hit the worm but do no damage. You hit the worm.
The worm barely misses you.
You hit the worm but do no damage.
The phantom blinks!
You completely miss the phantom. The phantom barely misses you.
The worm barely misses you.
You hit the phantom.
You tail-slap the phantom, but do no damage.
Aim: a phantom (almost destroyed)
The magic dart hits the phantom.
The phantom hits you!
* * * LOW HITPOINT WARNING * * *
The worm bites you!
You die...

#.....................#
.#
#####.#########.....#.#
#.##### #...).#..
#.....# #.....# #.....#
#....... #.....#
#........# ...##.....##
#.....####
...........####.....#
.......%...'w@W......
...........####......
...######### ..... ...
###. .?


You could see a phantom and a worm.

Vanquished Creatures
  A scorpion (D:3)
  Jessica (D:3)
  A worker ant (D:4)
  5 adders
  2 worms
  2 dart slugs (D:1)
  5 leopard geckos
  11 orcs
  5 giant cockroaches
  7 goblins
  8 hobgoblins
  6 jackals
  7 kobolds
  4 quokkas
  10 bats
  5 frilled lizards
  4 rats
84 creatures vanquished.

Notes
Turn   | Place    | Note
-------+----------+-------------------------------------------
     0 | D:1      | MalarOregon the Draconian Conjurer began the quest for the
                  | Orb.
     0 | D:1      | Reached XP level 1. HP: 14/14 MP: 3/3
   200 | D:1      | Found a shattered altar of Ashenzari.
   249 | D:1      | Reached XP level 2. HP: 18/22 MP: 1/5
   459 | D:1      | Reached skill level 1 in Fighting
  1105 | D:1      | Reached XP level 3. HP: 19/28 MP: 3/6
  1910 | D:2      | Reached XP level 4. HP: 35/35 MP: 2/8
  1932 | D:2      | Learned a level 4 spell: Iskenderun's Mystic Blast
  2177 | D:2      | Reached skill level 1 in Shields
  2346 | D:2      | Learned a level 2 spell: Blink
  2490 | D:3      | Found a deep blue altar of Sif Muna.
  2563 | D:3      | Noticed Jessica
  2570 | D:3      | Killed Jessica
  2641 | D:3      | Reached XP level 5. HP: 30/41 MP: 0/9
  2770 | D:3      | Found a shattered altar of Ashenzari.
  4005 | D:4      | Noticed a phantom
  4046 | D:4      | Slain by a worm

Skill      XL: |  1  2  3  4  5 |
---------------+----------------+-----
Dodging        | 2 |  2.7
Fighting       | 1 2 |  2.2
Shields        | 1 2 |  2.6
Spellcasting   | 3 |  3.2
Stealth        | |  1.7
Conjurations   | |  4.9

Action                   |  1- 3 |  4- 6 || total
-------------------------+-------+-------++-------
Melee: Unarmed           |    54 |       ||    54
       Tailslap          |    11 |    20 ||    31
       Dagger            |    96 |   193 ||   289
 Cast: Magic Dart        |    65 |    70 ||   135
  Use: Scroll            |     1 |       ||     1
       Potion            |       |     2 ||     2
 Stab: Sleeping          |       |     3 ||     3
  Eat: Chunk             |     4 |     7 ||    11
Armor: Skin              |    31 |    27 ||    58
Dodge: Dodged            |    60 |    59 ||   119
Block: Shield            |    26 |    49 ||    75
